 Dungeon Crawl Stone Soup version 0.26-a0-244-g083ca260ac (webtiles) character file.

Game seed: 12643748694816659124

4864 BritishOli the Skirmisher (level 10, -2/80 HPs)
             Began as a Demonspawn Gladiator on July 8, 2020.
             Was a High Priest of Okawaru.
             Slain by a two-headed ogre
             ... wielding a +0 giant spiked club
              (15 damage)
             ... on level 6 of the Dungeon.
             The game lasted 00:28:59 (12027 turns).

BritishOli the Skirmisher (Demonspawn Gladiator)   Turns: 12027, Time: 00:29:00

Health: -2/80      AC: 21    Str: 17    XL:     10   Next: 26%
Magic:  9/10       EV: 12    Int: 10    God:    Okawaru [*****.]
Gold:   414        SH:  5    Dex: 15    Spells: 9/9 levels left

rFire    . . .     SeeInvis +   a - +0 long sword
rCold    . . .     Faith    .   (no shield)
rNeg     . . .     Spirit   .   f - +0 plate armour
rPois    .         Reflect  +   c - +0 helmet
rElec    .         Harm     .   (no cloak)
rCorr    .                      n - +0 pair of gloves
MR       .....                  y - +1 pair of boots
Stlth    ..........             v - amulet of reflection
HPRegen  0.23/turn              i - ring of see invisible
MPRegen  0.12/turn              u - +4 ring of protection

@: lightly drained, repel missiles
A: hooves 1, repulsion field 3, nightstalker 1, powered by death 2
a: Heroism, Finesse, Renounce Religion


You were on level 6 of the Dungeon.
You worshipped Okawaru.
Okawaru was extremely pleased with you.
You were not hungry.

You visited 2 branches of the dungeon, and saw 11 of its levels.

You collected 414 gold pieces.

Inventory:

Hand Weapons
 a - a +0 long sword (weapon)
Missiles
 d - 3 throwing nets (quivered)
Armour
 c - a +0 helmet (worn)
 f - a +0 plate armour (worn)
 n - a +0 pair of gloves (worn)
 y - a +1 pair of boots (worn)
Jewellery
 b - an uncursed ring of poison resistance
 i - a ring of see invisible (left hand)
 u - a +4 ring of protection (right hand)
 v - an amulet of reflection (around neck)
 B - a +6 ring of intelligence
 D - an uncursed amulet of guardian spirit {unknown}
Wands
 w - a wand of polymorph (11)
 x - a wand of enslavement (33)
Scrolls
 e - 4 scrolls of remove curse
 g - 12 scrolls of teleportation
 j - 4 scrolls of enchant armour {unknown}
 k - 3 scrolls of blinking {unknown}
 l - 2 scrolls of random uselessness {unknown}
 m - 3 scrolls of immolation {unknown}
 p - 3 scrolls of fear {unknown}
 q - 4 scrolls of magic mapping {unknown}
 r - 3 scrolls of enchant weapon {unknown}
 s - 2 scrolls of amnesia {unknown}
 F - 4 scrolls of identify
 G - a scroll of torment {unknown}
Potions
 h - 3 potions of ambrosia
 o - 3 potions of haste
 z - a potion of brilliance
 A - 3 potions of flight
 C - 2 potions of lignification {unknown}
 E - a potion of stabbing
Comestibles
 t - 5 rations


   Skills:
 + Level 7.8(7.2) Fighting
 + Level 7.5(6.9) Long Blades
 - Level 2.1(1.6) Throwing
 + Level 6.8(6.2) Armour
 + Level 7.4(6.8) Dodging


You had 9 spell levels left.
You didn't know any spells.
Your spell library contained the following spells:

 Spells                   Type           Power        Failure   Level
 Corona                   Hex            #......      100%        1
 Slow                     Hex            #.......     100%        2
 Inner Flame              Hex/Fire       #.......     100%        3
 Portal Projectile        Hex/Tloc       #.....       100%        3
 Cause Fear               Hex            #.........   100%        4
 Leda's Liquefaction      Hex/Erth       #.........   100%        4
 Bolt of Magma            Conj/Fire/Erth #.........   100%        5
 Iskenderun's Battlesphe  Conj/Chrm      #.......     100%        5
 Iron Shot                Conj/Erth      #.........   100%        6
 Orb of Destruction       Conj           #.........   100%        7
 Spellforged Servitor     Conj/Summ      #.........   100%        7


Dungeon Overview and Level Annotations

Branches:
Dungeon (10/15)            Temple (1/1) D:7             Orc (0/2) D:10
   Lair: D:8-11

Altars:
Ashenzari
Cheibriados
Dithmenos
Elyvilon
Fedhas
Gozag
Hepliaklqana
Kikubaaqudgha
Makhleb
Nemelex Xobeh
Okawaru
Ru
Trog
Uskayaw
Vehumet
Wu Jian
Xom
Yredelemnul
Zin
The Shining One
Beogh

Annotations:
D:8 4 runed translucent doors
D:9 Grum


Innate Abilities, Weirdness & Mutations

You have large cloven feet.
You are surrounded by a strong repulsion field. (EV +4, RMsl)
You are slightly more attuned to the shadows.
You regenerate health from kills.


Message History

The two-headed ogre is heavily wounded.
The two-headed ogre struggles against the net.
You hit the two-headed ogre.
The two-headed ogre is heavily wounded.
The two-headed ogre struggles against the net.
The net rips apart, and the two-headed ogre comes free!
You hit the two-headed ogre.
The two-headed ogre is severely wounded.
The two-headed ogre barely misses you.
You riposte.
You slash the two-headed ogre!
The two-headed ogre is almost dead.
The two-headed ogre hits you with a +0 giant club.
* * * LOW HITPOINT WARNING * * *
You barely miss the two-headed ogre.
The two-headed ogre is almost dead.
You hit the two-headed ogre.
The two-headed ogre is almost dead.
You feel like a meek peon again.
The two-headed ogre hits you with a +0 giant spiked club!
You die...

...............#........#...#.###
.....<.........#.......(#...#....
####............###'#####...#####
####....).....#.###.#############
...'..........'.................>
####.........[##.########.#######
#..........##.########.......#
#..........##O................
####..........##@................
...#..........##.................
##.#.......... #.................
.#.#......... #................#
.#.#############................#
.#.##.........##...........######
...##.........##...........##....
....'.........'...#'#####'#.#....
#####.........###.#..##.....#....


You could see a two-headed ogre.

Vanquished Creatures
  A two-headed ogre (D:8)
  Psyche (D:7)
  4 hippogriffs
  4 sky beasts
  3 orc warriors
  An ice beast (D:8)
  2 black bears
  3 ogres
  3 wolves (D:8)
  2 centaurs
  3 bullfrogs
  2 wyvern skeletons
  4 wights (D:10)
  A centaur zombie (D:8)
  3 hounds
  A jelly (D:7)
  A bullfrog skeleton (D:6)
  3 orc priests
  Natasha (thrice) (D:4)
  2 iguanas
  5 orc wizards
  5 worker ants
  A hound zombie (D:7)
  A hound skeleton (D:3)
  A howler monkey zombie (D:7)
  A howler monkey skeleton (D:4)
  10 gnolls
  14 adders
  5 shadow imps
  2 white imps
  An ufetubus (D:8)
  An adder skeleton (D:5)
  An adder zombie (D:7)
  2 worms (D:2)
  4 dart slugs
  5 leopard geckos
  53 orcs
  5 ball pythons (D:4)
  8 giant cockroaches
  4 goblins
  6 hobgoblins
  6 jackals
  3 quokkas
  8 bats
  5 frilled lizards
  5 kobolds (D:1)
  A leopard gecko zombie (D:8)
  A quokka skeleton (D:4)
  A quokka zombie (D:8)
  8 rats
220 creatures vanquished.

Notes
Turn   | Place    | Note
-------+----------+-------------------------------------------
     0 | D:1      | BritishOli the Demonspawn Gladiator began the quest for the
                  | Orb.
     0 | D:1      | Reached XP level 1. HP: 16/16 MP: 1/1
    91 | D:1      | Gained mutation: You are surrounded by a mild repulsion
                  | field. (EV +2) [demonic ancestry]
    91 | D:1      | Reached XP level 2. HP: 16/22 MP: 2/2
   873 | D:1      | Gained mutation: You are surrounded by a moderate repulsion
                  | field. (EV +3) [demonic ancestry]
   873 | D:1      | Reached XP level 3. HP: 28/28 MP: 3/3
  1211 | D:2      | Found a hide-covered altar of Uskayaw.
  1213 | D:2      | Found a glowing golden altar of the Shining One.
  1401 | D:2      | Reached skill level 1 in Armour
  1495 | D:2      | Found a faded altar of an unknown god.
  2578 | D:3      | Gained mutation: You regenerate a little health from kills.
                  | [demonic ancestry]
  2578 | D:3      | Reached XP level 4. HP: 34/34 MP: 4/4
  2588 | D:3      | Noticed an ice beast
  2812 | D:3      | Found an ancient bone altar of Kikubaaqudgha.
  3063 | D:4      | Found an iron altar of Okawaru.
  3091 | D:4      | Became a worshipper of Warmaster Okawaru
  3216 | D:4      | Noticed Natasha
  3223 | D:4      | Killed Natasha
  3251 | D:4      | Reached XP level 5. HP: 37/41 MP: 5/5
  3336 | D:4      | Noticed Natasha
  3349 | D:4      | Killed Natasha
  3458 | D:4      | Noticed Natasha
  3462 | D:4      | Killed Natasha
  4001 | D:4      | Reached XP level 6. HP: 45/47 MP: 6/6
  4628 | D:5      | Entered Level 5 of the Dungeon
  4700 | D:4      | Reached * piety under Okawaru
  5180 | D:5      | Found a sacrificial altar of Ru.
  6032 | D:6      | Gained mutation: You are surrounded by a strong repulsion
                  | field. (EV +4, RMsl) [demonic ancestry]
  6032 | D:6      | Reached XP level 7. HP: 26/54 MP: 7/7
  6764 | D:6      | Reached ** piety under Okawaru
  6973 | D:6      | Noticed a two-headed ogre
  7043 | D:7      | Noticed a hippogriff
  7084 | D:7      | Found a staircase to the Ecumenical Temple.
  7090 | Temple   | Entered the Ecumenical Temple
  7373 | D:7      | Reached skill level 5 in Long Blades
  7373 | D:7      | Gained mutation: You regenerate health from kills. [demonic
                  | ancestry]
  7373 | D:7      | Reached XP level 8. HP: 19/61 MP: 8/8
  7604 | D:7      | Noticed a hippogriff
  7620 | D:7      | Killed a hippogriff
  7620 | D:7      | Reached skill level 5 in Fighting
  7620 | D:7      | Reached skill level 5 in Dodging
  7869 | D:7      | Killed a hippogriff
  8132 | D:7      | Found a glowing silver altar of Zin.
  8162 | D:7      | Reached *** piety under Okawaru
  8355 | D:7      | Found a runed translucent door.
  8560 | D:8      | Noticed a two-headed ogre
  8989 | D:7      | Reached skill level 5 in Armour
  9233 | D:7      | Found a roughly hewn altar of Beogh.
  9263 | D:7      | Gained mutation: You have large cloven feet. [demonic
                  | ancestry]
  9263 | D:7      | Reached XP level 9. HP: 69/69 MP: 9/9
  9386 | D:8      | Found a huge runed translucent gate.
  9388 | D:8      | Found a huge runed translucent gate.
  9388 | D:8      | Found a huge runed translucent gate.
  9388 | D:8      | Noticed a manticore
  9389 | D:8      | Found a huge runed translucent gate.
  9389 | D:8      | Noticed a polar bear
  9389 | D:8      | Noticed a manticore
  9389 | D:8      | Noticed a polar bear
  9390 | D:8      | Noticed a death yak
  9390 | D:8      | Noticed a polar bear
  9458 | D:8      | Found a shadowy altar of Dithmenos.
  9628 | D:8      | Noticed a two-headed ogre
  9739 | D:8      | Killed a two-headed ogre
  9753 | D:8      | Noticed a two-headed ogre
  9761 | D:8      | Noticed Psyche
  9806 | D:7      | Killed Psyche
  9806 | D:7      | Reached **** piety under Okawaru
 10191 | D:9      | Gained mutation: You are slightly more attuned to the
                  | shadows. [demonic ancestry]
 10191 | D:9      | Reached XP level 10. HP: 65/79 MP: 10/10
 10278 | D:9      | Noticed Grum
 10682 | D:9      | Noticed a death yak
 10829 | D:8      | You fall into a shaft and drop 2 floors!
 10829 | D:10     | Entered Level 10 of the Dungeon
 10840 | D:10     | Reached ***** piety under Okawaru
 11125 | D:10     | Found a staircase to the Orcish Mines.
 12027 | D:6      | Slain by a two-headed ogre

Illustrated notes

Levels and vault maps discovered:
D:1:      roderic_chinese_lattice_arrival, layout_basic
D:2:      layout_loops_corners, chequers_temple_overflow_statue_of_worship,
          serial_co_window_serial, co_window_paths_b, co_window_corner_a,
          co_window_corner_a, co_window_of_opportunity_a,
          co_window_of_opportunity_a, co_window_corner_b, co_window_broadway_c,
          co_window_of_opportunity_b, co_window_cross_3, co_window_broadway_a,
          co_window_cross_2, co_window_broadway_b, co_window_paths_d,
          glass_columns_b, glass_columns_a, glass_columns_a, glass_columns_b,
          glass_columns_a, chequers_ecumenical_altar_grove
D:3:      layout_loops_ring, lemuel_coloured_pillars_altar
D:4:      layout_basic, okawaru_trees_2, first_ration, minmay_snake_closets,
          uniq_natasha
D:5:      lemuel_ice_spiral_2, layout_rooms, nicolae_ru_the_path_less_chosen
D:6:      layout_basic, led_sif_book, nicolae_overflow_hidden_temple
D:7:      layout_gridville, zin_statuary, minmay_temple_entry_fiery,
          lightli_church_of_beogh
D:8:      lemuel_bear_cage, layout_rooms, basic_altar, grunt_ogre_cave,
          uniq_psyche
D:9:      layout_long_grid, dpeg_lair_monsters,
          ploomutoo_gammafunk_ghost_potion_laboratory, uniq_grum
D:10:     cheibrodos_two_vegetables, layout_loops_ring,
          kennysheep_orc_monster_closet_entryway
Temple:   minmay_temple_curvy_branch

Skill      XL: |  1  2  3  4  5  6  7  8  9 |
---------------+----------------------------+-----
Throwing       | 2 |  2.1
Dodging        | 3 4 5 7 |  7.4
Long Blades    | 3 4 5 6 7 |  7.5
Armour         | 1 2 3 5 6 |  6.8
Fighting       | 3 4 6 7 |  7.8

Action                   |  1- 3 |  4- 6 |  7- 9 | 10-12 || total
-------------------------+-------+-------+-------+-------++-------
Melee: Long sword        |   119 |   282 |   510 |   202 ||  1113
Throw: Throwing net      |       |       |     4 |     1 ||     5
Invok: Heroism           |       |       |     6 |     1 ||     7
Evoke: Wand              |       |       |     2 |       ||     2
  Use: Scroll            |       |     7 |     3 |       ||    10
       Potion            |       |     1 |     4 |       ||     5
 Stab: Sleeping          |     1 |       |       |       ||     1
       Held in net/web   |       |       |     2 |     2 ||     4
  Eat: Ration            |     2 |     3 |     4 |     1 ||    10
Armor: Leather armour    |    29 |       |       |       ||    29
       Ring mail         |       |   115 |    45 |       ||   160
       Plate armour      |       |       |   230 |   139 ||   369
       Scale mail        |       |       |    11 |       ||    11
Dodge: Dodged            |    99 |   298 |   407 |   185 ||   989
       Repelled          |       |       |    12 |       ||    12
Block: Other             |       |       |   102 |    58 ||   160
       Rpst.: Long sword |    27 |    80 |    98 |    64 ||   269

Table legend:
 A = Non-vault XP
 B = Vault XP
 C = Vault XP percentage of total XP
 D = Non-vault monster count
 E = Vault monster count
 F = Vault count percentage of total count
                 A         B        C        D         E       F
            +---------+---------+-------+---------+---------+-------
      Total |    5446 |    1503 |  21.6 |     179 |      41 |  18.6
            +---------+---------+-------+---------+---------+-------
        D:1 |      43 |       0 |   0.0 |      28 |       0 |   0.0
        D:2 |      31 |       0 |   0.0 |      13 |       0 |   0.0
        D:3 |      62 |       0 |   0.0 |      12 |       0 |   0.0
        D:4 |     325 |     121 |  27.1 |      25 |      11 |  30.6
        D:5 |     190 |       0 |   0.0 |      22 |       0 |   0.0
        D:6 |     598 |       0 |   0.0 |      14 |       0 |   0.0
        D:7 |    1265 |     787 |  38.4 |      16 |      25 |  61.0
        D:8 |    1761 |     462 |  20.8 |      25 |       4 |  13.8
        D:9 |     668 |       0 |   0.0 |      10 |       0 |   0.0
       D:10 |     503 |       0 |   0.0 |      14 |       0 |   0.0
     Temple |       0 |     133 | 100.0 |       0 |       1 | 100.0
            +---------+---------+-------+---------+---------+-------
